 Dungeon Crawl Stone Soup version 0.21.1-1-g345015f (webtiles) character file.

674 JrNeurotic the Poker (level 7, -2/56 HPs)
             Began as a Demonspawn Abyssal Knight on July 9, 2018.
             Was a Priest of Lugonu.
             Slain by a water moccasin (6 damage)
             ... on level 4 of the Dungeon.
             The game lasted 00:26:17 (3143 turns).

JrNeurotic the Poker (Demonspawn Abyssal Knight)    Turns: 3143, Time: 00:26:18

Health: -2/56      AC: 13    Str: 15      XL:     7   Next: 33%
Magic:  14/17      EV:  7    Int: 12 (13) God:    Lugonu [***...]
Gold:   298        SH:  0    Dex: 12      Spells: 6/6 levels left

rFire    . . .     SeeInvis .   h - +0 scythe
rCold    + . .     Gourm    .   (shield currently unavailable)
rNeg     . . .     Faith    +   w - +0 chain mail
rPois    .         Spirit   .   (helmet restricted)
rElec    .         Reflect  .   (no cloak)
rCorr    .         Harm     .   (no gloves)
MR       .....                  d - +0 pair of boots
Stlth    ..........             B - amulet of faith
HPRegen  0.18/turn              g - ring of magical power
MPRegen  0.15/turn              (no ring)

@: lethally poisoned (-2 -> -9), hasted, very quick
A: beak, icy blue scales 2, cold resistance 1, demonic guardian 1, deterioration
1, mutation resistance 1, freezing cloud immunity
a: Depart the Abyss, Bend Space, Banish, Renounce Religion


You were on level 4 of the Dungeon.
You worshipped Lugonu.
Lugonu was most pleased with you.
You were not hungry.

You visited 1 branch of the dungeon, and saw 4 of its levels.
You visited the Abyss 1 time.

You collected 298 gold pieces.

Inventory:

Hand Weapons
 a - a +1 spear
 h - a +0 scythe (weapon)
 p - a +0 halberd
 F - a +2 hunting sling of freezing
Missiles
 j - 20 bolts
 l - 37 poisoned needles
 o - 167 stones (quivered)
 q - 27 arrows
Armour
 d - a +0 pair of boots (worn)
 w - a +0 chain mail (worn)
 G - a +0 helmet
Jewellery
 g - a ring of magical power (left hand)
 B - an amulet of faith (around neck)
Wands
 n - a wand of random effects (19)
 E - a wand of flame (26)
Scrolls
 e - 2 scrolls of remove curse
Potions
 k - a potion of agility
 m - 2 potions of lignification
 r - a potion of degeneration
 D - a potion of might
Books
 y - a book of Cantrips

   Spells                             Type                      Level
   a - Confusing Touch                Hexes                        1
   b - Animate Skeleton               Necromancy                   1
   c - Summon Small Mammal            Summoning                    1
   d - Apportation                    Translocation                1
Comestibles
 c - 4 rations
 f - 5 chunks of flesh


   Skills:
 * Level 5.2 Fighting
 * Level 5.6 Polearms
 * Level 2.6 Armour
 + Level 1.6 Dodging
 + Level 1.3 Stealth
 + Level 2.5 Invocations


You had 6 spell levels left.
You didn't know any spells.

Dungeon Overview and Level Annotations

Branches:
Dungeon (4/15)
 Temple: D:4-7

Altars:
Uskayaw

Shops:
D:4 *


Innate Abilities, Weirdness & Mutations

You are mostly covered in icy blue scales. (AC +3)
Your flesh is cold resistant. (rC+)
A weak demonic guardian rushes to your aid.
You are immune to freezing clouds.
You have a beak for a mouth.
Your body sometimes deteriorates upon taking damage.
You are somewhat resistant to further mutation.


Message History

Some of the chunks of flesh in your inventory have rotted away.
You feel yourself speed up.
* * * LOW HITPOINT WARNING * * *
You feel sick.
The water moccasin bites your shadow imp.
Your shadow imp dies!
* * * LOW HITPOINT WARNING * * *
You feel sick.
* * * LOW HITPOINT WARNING * * *
You feel sick.
* * * LOW HITPOINT WARNING * * *
You feel sick.
Attack whom?
Press: ? - help, Dir - move target cursor, f/p - water moccasin
Aim: a water moccasin (almost dead)
You reach to attack!
You miss the water moccasin.
The water moccasin is almost dead.
* * * LOW HITPOINT WARNING * * *
You feel sick. The water moccasin bites you.
You die...

.##.##.#... #.##.#.##
#........ ####.#.#.
...#.#. #### #####...
#.. #.#) ###### #.#
#.#. #....# ####@####
#)#)
#.##.#####...S...#
#.).
#.##.......##S##.#
####
#.###########.##.##.#
# #.#### #S....... #
#.#.. #S##.#..# #
#.#.# #.# .....# #
#.#.# #####.# .....#
###### #...#
###...#.# #....
#.....


You could see a water moccasin, 2 adders and a ball python.

Vanquished Creatures
  Sigmund (D:4)
  A centaur (D:4)
  Blork the orc (D:4)
  2 hounds (D:4)
  An orc priest (D:4)
  Natasha (twice) (D:3)
  An orc wizard (D:3)
  Robin (D:4)
  4 adders
  4 dart slugs
  4 leopard geckos
  9 orcs
  2 giant cockroaches (D:1)
  10 hobgoblins
  11 kobolds
  A ball python (D:1)
  6 bats
  3 frilled lizards
  16 goblins
  A quokka skeleton (D:3)
  10 rats
91 creatures vanquished.

Vanquished Creatures (collateral kills)
  A phantom (D:3)
  An orc wizard (D:4)
  Natasha (D:3)
  4 gnolls (D:2)
7 creatures vanquished.

Grand Total: 98 creatures vanquished

Notes
Turn   | Place    | Note
-------+----------+-------------------------------------------
     0 | Abyss:1  | JrNeurotic the Demonspawn Abyssal Knight began the quest for the Orb.
     0 | Abyss:1  | Reached XP level 1. HP: 18/18 MP: 2/2
    38 | Abyss:1  | Noticed a wretched star
    43 | Abyss:1  | Noticed an iron imp
    49 | D:1      | Escaped the Abyss
   188 | D:1      | Reached * piety under Lugonu
   199 | D:1      | Gained mutation: You are partially covered in icy blue scales. (AC +2) [demonic ancestry]
   199 | D:1      | Reached XP level 2. HP: 17/24 MP: 3/3
   709 | D:2      | Reached skill level 1 in Dodging
   910 | D:2      | Gained mutation: A weak demonic guardian rushes to your aid. [demonic ancestry]
   910 | D:2      | Reached XP level 3. HP: 28/30 MP: 4/4
  1438 | D:2      | Reached XP level 4. HP: 31/37 MP: 5/5
  1506 | D:2      | Reached ** piety under Lugonu
  1943 | D:3      | Noticed Natasha
  1950 | D:3      | Killed Natasha
  1950 | D:3      | Gained mutation: You are mostly covered in icy blue scales. (AC +3) [demonic ancestry]
  1950 | D:3      | Reached XP level 5. HP: 36/43 MP: 6/6
  2092 | D:3      | Noticed a phantom
  2128 | D:3      | Killed a phantom
  2132 | D:3      | Noticed Natasha
  2140 | D:3      | Killed Natasha
  2311 | D:3      | Noticed Natasha
  2316 | D:3      | Killed Natasha
  2316 | D:3      | Gained mutation: Your flesh is cold resistant. (rC+) [demonic ancestry]
  2316 | D:3      | Reached XP level 6. HP: 49/49 MP: 7/7
  2389 | D:3      | Reached *** piety under Lugonu
  2590 | D:4      | Noticed Robin
  2617 | D:4      | Killed Robin
  2775 | D:4      | Gained mutation: You have sharp fingernails. [potion of mutation]
  2775 | D:4      | Gained mutation: Potions are less effective at restoring your health. [potion of mutation]
  2775 | D:4      | Gained mutation: You have large cloven feet. [potion of mutation]
  2775 | D:4      | Gained mutation: Your system is resistant to poisons. (rPois) [potion of mutation]
  2776 | D:4      | Lost mutation: You have large cloven feet. [potion of mutation]
  2776 | D:4      | Lost mutation: Potions are less effective at restoring your health. [potion of mutation]
  2776 | D:4      | Lost mutation: Your system is resistant to poisons. (rPois) [potion of mutation]
  2776 | D:4      | Gained mutation: You have a beak for a mouth. [potion of mutation]
  2776 | D:4      | Gained mutation: You are frail. (-10% HP) [potion of mutation]
  2776 | D:4      | Gained mutation: Your natural rate of healing is unusually fast. [potion of mutation]
  2777 | D:4      | Lost mutation: You are frail. (-10% HP) [potion of mutation]
  2777 | D:4      | Lost mutation: You have sharp fingernails. [potion of mutation]
  2777 | D:4      | Lost mutation: Your natural rate of healing is unusually fast. [potion of mutation]
  2777 | D:4      | Gained mutation: Your body sometimes deteriorates upon taking damage. [potion of mutation]
  2777 | D:4      | Gained mutation: You are somewhat resistant to further mutation. [potion of mutation]
  2803 | D:4      | Noticed Blork the orc
  2810 | D:4      | Killed Blork the orc
  2895 | D:4      | Reached skill level 5 in Fighting
  2895 | D:4      | Reached skill level 5 in Polearms
  2895 | D:4      | Reached skill level 1 in Stealth
  2895 | D:4      | Gained mutation: You are immune to freezing clouds. [demonic ancestry]
  2895 | D:4      | Reached XP level 7. HP: 26/56 MP: 8/8
  2920 | D:4      | Found a hide-covered altar of Uskayaw.
  2971 | D:4      | Noticed Sigmund
  2987 | D:4      | Killed Sigmund
  3119 | D:4      | Found Womany's Serpentskin Sales.
  3143 | D:4      | Slain by a water moccasin

Skill      XL: |  1  2  3  4  5  6 |
---------------+-------------------+-----
Polearms       | 2 3 4 5 |  5.6
Dodging        | 1 |  1.6
Fighting       | 4 5 |  5.2
Armour         | 2 |  2.6
Stealth        | 1 |  1.3
Invocations    | |  2.5

Action                   |  1- 3 |  4- 6 |  7- 9 || total
-------------------------+-------+-------+-------++-------
Melee: Spear             |    92 |       |       ||    92
       Halberd           |    14 |   213 |    12 ||   239
       Peck              |       |     2 |     3 ||     5
       Scythe            |       |       |    18 ||    18
Invok: Depart the Abyss  |     1 |       |       ||     1
       Banish            |       |       |     1 ||     1
  Use: Scroll            |     6 |     4 |     2 ||    12
       Potion            |     6 |     6 |     2 ||    14
 Stab: Distracted        |       |     1 |     1 ||     2
  Eat: Chunk             |     2 |     5 |     1 ||     8
Armor: Leather armour    |    28 |    28 |       ||    56
       Chain mail        |       |   106 |    27 ||   133
Dodge: Dodged            |    42 |    86 |    18 ||   146
